 Dungeon Crawl Stone Soup version 0.25-a0-424-g80bd347ae0 (webtiles) character file.

Game seed: 5564203164118490796, levelgen mode: deterministic

13466 Kohma the Slicer (level 12, -4/168 HPs)
             Began as a Naga Venom Mage on Jan 23, 2020.
             Was the Champion of Cheibriados.
             Slain by an ice devil (13 damage)
             ... in an ice cave.
             The game lasted 00:55:52 (15668 turns).

Kohma the Slicer (Naga Venom Mage)                 Turns: 15668, Time: 00:55:53

Health: -4/168     AC: 26    Str: 29    XL:     12   Next: 6%
Magic:  19/19      EV:  1    Int: 32    God:    Cheibriados [******]
Gold:   513        SH:  8    Dex: 27    Spells: 9/21 levels left

rFire    + + .     SeeInvis +   p - +8 dagger of True Grit {freeze, rElec rF++ MR+ SInv}
rCold    . . .     Gourm    .   E - +0 buckler
rNeg     + + +     Faith    .   (armour currently unavailable)
rPois    +         Spirit   .   (helmet currently unavailable)
rElec    +         Reflect  +   (cloak currently unavailable)
rCorr    .         Harm     .   (gloves currently unavailable)
MR       +++..     NoTele   +   (no barding)
Stlth    +++.......             y - +2 amulet of reflection
HPRegen  0.38/turn              B - ring of protection from magic
MPRegen  0.16/turn              (no ring)

@: tree-form, very slow
A: large, see invisible, slow metabolism 1, spit poison 1, AC +4
a: Spit Poison, Bend Time, Temporal Distortion, Slouch, Step From Time, Renounce
Religion


You were in an ice cave.
You worshipped Cheibriados.
Cheibriados was exalted by your worship.
You were not hungry.
You were a tree.
You visited 3 branches of the dungeon, and saw 13 of its levels.
You also visited: Ice Cave.

You collected 615 gold pieces.
You spent 102 gold pieces at shops.

Inventory:

Hand Weapons
 p - the +8 dagger of True Grit (weapon) {freeze, rElec rF++ MR+ SInv}
   (You found it on level 6 of the Dungeon)

   It has been specially enchanted to freeze those struck by it, causing extra
   injury to most foes and up to half again as much damage against particularly
   susceptible opponents.
   It can also slow down cold-blooded creatures.
   It greatly protects you from fire.
   It insulates you from electricity.
   It affects your resistance to hostile enchantments.
   It lets you see invisible.
 q - the +0 trident of Hab Qire {freeze, rC+ Str+7 Dex-5}
   (You found it on level 6 of the Dungeon)

   It has been specially enchanted to freeze those struck by it, causing extra
   injury to most foes and up to half again as much damage against particularly
   susceptible opponents.
   It can also slow down cold-blooded creatures.
   It affects your strength (+7).
   It affects your dexterity (-5).
   It protects you from cold.
 G - the +9 quarterstaff of Gaociubi {protect, MR+ Str+4, unknown}
   (You found it on level 9 of the Dungeon)

   It grants its wielder temporary protection when it strikes (+7 to AC).
   It affects your strength (+4).
   It affects your resistance to hostile enchantments.
Armour
 h - a +1 leather armour of cold resistance (melded)
 r - a +1 pair of gloves (melded)
 s - a +0 helmet (melded)
 u - a +0 cloak (melded)
 E - a +0 buckler (worn)
 J - a +2 plate armour of poison resistance
 M - a +1 robe of magic resistance
Magical Staves
 n - an uncursed staff of conjuration
 F - an uncursed staff of wizardry
 N - an uncursed staff of power {unknown}
Jewellery
 y - a +2 amulet of reflection (around neck)
 B - a ring of protection from magic (left branch)
Wands
 a - a wand of paralysis (14)
 v - a wand of digging (4)
 A - a wand of iceblast (10)
 C - a wand of polymorph (23)
 I - a wand of enslavement (3)
Scrolls
 b - 2 scrolls of enchant armour
 f - a scroll of fog
 g - 5 scrolls of teleportation
 i - 2 scrolls of immolation
 K - 3 scrolls of remove curse
Potions
 e - 6 potions of lignification
 j - a potion of resistance {unknown}
 m - 2 potions of might {unknown}
 o - a potion of berserk rage {unknown}
 t - 4 potions of curing
 w - a potion of brilliance {unknown}
 x - a potion of agility {unknown}
 D - a potion of flight {unknown}
 H - a potion of invisibility {unknown}
Comestibles
 c - 10 rations


   Skills:
 + Level 8.6 Fighting
 - Level 10.0 Short Blades
 + Level 6.3 Armour
 - Level 1.5 Dodging
 - Level 3.0 Stealth
 - Level 2.4 Shields
 + Level 5.0 Spellcasting
 * Level 2.0 Conjurations
 - Level 1.0 Transmutations
 + Level 3.1 Air Magic
 - Level 9.1 Poison Magic
 - Level 7.0 Invocations


You had 9 spell levels left.
You knew the following spells:

 Your Spells              Type           Power        Failure   Level  Hunger
a - Sting                 Tmut/Pois      ####         1%          1    None
b - Poisonous Vapours     Pois/Air       #####.       1%          2    None
c - Mephitic Cloud        Conj/Pois/Air  #####...     2%          3    None
d - Olgreb's Toxic Radia  Pois           ######..     1%          4    ###....
e - Searing Ray           Conj           ###...       3%          2    None

Your spell library contained the following spells:

 Spells                   Type           Power        Failure   Level  Hunger
 Shock                    Conj/Air       ###.         1%          1    None
 Magic Dart               Conj           ###.         2%          1    None
 Ignite Poison            Fire/Tmut/Pois ####....     3%          3    None
 Swiftness                Chrm/Air       ###.....     4%          2    None
 Static Discharge         Conj/Air       ###.....     5%          3    None
 Dazzling Flash           Conj/Hex       ##....       10%         3    None
 Airstrike                Air            ####......   14%         4    ###....
 Fulminant Prism          Conj/Hex       ##........   32%         4    ###....
 Iskenderun's Mystic Bla  Conj/Tloc      ##......     32%         4    ###....
 Lightning Bolt           Conj/Air       ###.......   43%         5    #####..


Dungeon Overview and Level Annotations

Branches:
Dungeon (11/15)            Temple (1/1) D:5            Lair (1/6) D:9
  IceCv (1/1)
    Orc: D:9-12

Altars:
Ashenzari
Cheibriados
Dithmenos
Elyvilon
Fedhas
Gozag
Hepliaklqana
Kikubaaqudgha
Makhleb
Nemelex Xobeh
Okawaru
Qazlal
Ru
Sif Muna
Trog
Uskayaw
Vehumet
Wu Jian
Xom
Yredelemnul
Zin
The Shining One

Shops:
D:10 ?

Annotations:
D:5 2 transporters, Oki's ghost, novice OpBe
D:9 2 transporters, erthbison's ghost, novice SpEE
Lair:1 exclusion: 2 oklob plants IceCv exclusion: 2 ice statues


Innate Abilities, Weirdness & Mutations

You cannot wear boots.
((Your serpentine skin is tough. (AC +4)))
You have supernaturally acute eyesight. (SInv)
((Armour fits poorly on your strangely shaped body.))
((Your system is resistant to poisons. (rPois)))
((You cover ground very slowly.))
You have a slow metabolism.
You can spit poison.


Message History

* * * LOW HITPOINT WARNING * * *
The ice devil freezes you. You resist.
* * * LOW HITPOINT WARNING * * *
Really quaff the potion of lignification?
You turn into a tree.
Your +0 cloak melds into your body.
Your +0 helmet melds into your body.
Your +1 pair of gloves melds into your body.
Your +1 leather armour of cold resistance melds into your body.
You feel less resistant to cold.
Your roots penetrate the ground.
You block the ice devil's attack.
The ice beast hits you but does no damage.
You hit the ice devil but do no damage.
The ice devil is moderately wounded.
You puncture the ice devil!
The ice devil is heavily wounded.
The ice beast seems to regain its courage.
The ice devil hits you.
* * * LOW HITPOINT WARNING * * *
The ice devil freezes you!
You die...

##### ##.....
##....... ##....Y...
#### #8........
##..## ##........
##....######Y4.......
#.......##..♣........
#..∩∩.......Y.....⌠..
#.............Y......
##....##..##.........
##..########........
#### 8........
#........ ##.......
##.....


You could see an ice devil and 4 ice beasts.

Vanquished Creatures
  Nergalle (D:10)
  2 unseen horrors
  An ugly thing (D:11)
  An ice devil (IceCv)
  2 trolls
  Grinder (D:3)
  9 blink frogs (Lair:1)
  A hippogriff (D:8)
  6 spriggans (Lair:1)
  Sigmund (D:3)
  3 wyverns
  10 yaks
  A basilisk (Lair:1)
  A hungry ghost (D:11)
  2 water moccasins (Lair:1)
  5 porcupines
  Duvessa (D:6)
  2 sky beasts
  4 black bears
  4 ogres
  6 orc warriors
  2 centaurs
  2 crocodiles (Lair:1)
  2 big kobolds
  A wyvern zombie (D:8)
  9 bullfrogs
  Dowan (D:6)
  A scorpion (D:8)
  4 killer bees (D:11)
  3 wights (D:9)
  3 electric eels (D:9)
  2 howler monkeys
  8 crimson imps
  3 bullfrog zombies
  A centaur zombie (D:11)
  3 hounds
  6 orc priests
  A bullfrog skeleton (D:11)
  2 centaur skeletons
  2 jellies (D:8)
  6 orc wizards
  Crazy Yiuf (D:6)
  Terence (D:3)
  4 iguanas
  6 worker ants
  2 hound skeletons
  A howler monkey zombie (D:9)
  Robin (D:3)
  A worker ant zombie (D:5)
  3 gnolls
  8 adders
  2 howler monkey skeletons
  4 shadow imps
  12 white imps
  An ooze (D:6)
  An adder zombie (D:8)
  2 worms
  2 dart slugs (D:2)
  6 leopard geckos
  53 orcs
  8 giant cockroaches
  17 goblins
  10 hobgoblins
  22 jackals
  3 quokkas
  A ball python (D:1)
  3 bats
  2 frilled lizards
  15 kobolds
  6 rats
324 creatures vanquished.

Vanquished Creatures (others)
  2 fungi (D:9)
2 creatures vanquished.

Grand Total: 326 creatures vanquished

Notes
Turn   | Place    | Note
-------+----------+-------------------------------------------
     0 | D:1      | Kohma the Naga Venom Mage began the quest for the Orb.
     0 | D:1      | Reached XP level 1. HP: 15/15 MP: 3/3
    27 | D:1      | Reached XP level 2. HP: 4/24 MP: 1/5
   497 | D:1      | Learned a level 2 spell: Poisonous Vapours
   637 | D:1      | Reached XP level 3. HP: 30/30 MP: 3/6
   737 | D:1      | Reached skill level 1 in Fighting
  1495 | D:2      | Reached skill level 5 in Poison Magic
  1495 | D:2      | Reached XP level 4. HP: 28/38 MP: 0/8
  1761 | D:2      | Found an iron altar of Okawaru.
  2429 | D:3      | Noticed Sigmund
  2564 | D:3      | Killed Sigmund
  2564 | D:3      | Reached skill level 1 in Air Magic
  2564 | D:3      | Reached XP level 5. HP: 37/45 MP: 0/10
  2564 | D:3      | Reached XP level 6. HP: 42/52 MP: 0/11
  2653 | D:3      | Found a snail-covered altar of Cheibriados.
  2662 | D:3      | Became a worshipper of Cheibriados the Contemplative
  2760 | D:3      | Noticed Robin
  2775 | D:3      | Killed Robin
  3064 | D:3      | Learned a level 3 spell: Mephitic Cloud
  3069 | D:3      | Learned a level 4 spell: Olgreb's Toxic Radiance
  3078 | D:3      | Noticed Grinder
  3104 | D:3      | Killed Grinder
  3104 | D:3      | Reached skill level 1 in Conjurations
  3104 | D:3      | Reached XP level 7. HP: 32/61 MP: 0/13
  3292 | D:3      | Found a blossoming altar of Fedhas.
  3374 | D:3      | Reached * piety under Cheibriados
  3426 | D:3      | Noticed Terence
  3432 | D:3      | Killed Terence
  3887 | D:4      | Found a bloodstained altar of Trog.
  3887 | D:4      | Found a sparkling altar of Nemelex Xobeh.
  4046 | D:4      | Reached skill level 5 in Spellcasting
  4137 | D:4      | Reached ** piety under Cheibriados
  4424 | D:4      | Reached XP level 8. HP: 69/69 MP: 10/15
  4539 | D:5      | Entered Level 5 of the Dungeon
  4896 | D:5      | Found a staircase to the Ecumenical Temple.
  4920 | Temple   | Entered the Ecumenical Temple
  5263 | D:5      | Learned a level 2 spell: Searing Ray
  5540 | D:5      | Found a transporter.
  5544 | D:5      | Noticed Oki's ghost (novice OpBe)
  5560 | D:5      | Found a transporter.
  5875 | D:6      | Reached *** piety under Cheibriados
  6002 | D:6      | Reached skill level 1 in Invocations
  6107 | D:6      | Reached skill level 1 in Armour
  6354 | D:6      | Got a fine dagger
  6355 | D:6      | Identified the +8 dagger of True Grit {freeze, rElec rF++
                  | MR+ SInv} (You found it on level 6 of the Dungeon)
  6364 | D:6      | Got a scorched trident
  6365 | D:6      | Identified the cursed +0 trident of Hab Qire {freeze, rC+
                  | Str+7 Dex-5} (You found it on level 6 of the Dungeon)
  6393 | D:6      | Noticed Duvessa
  6394 | D:6      | Noticed Dowan
  6403 | D:6      | Killed Duvessa
  6403 | D:6      | Reached skill level 1 in Short Blades
  6409 | D:6      | Killed Dowan
  6409 | D:6      | Reached XP level 9. HP: 67/80 MP: 4/16
  6509 | D:6      | Reached skill level 2 in Short Blades
  6545 | D:6      | Reached **** piety under Cheibriados
  6719 | D:6      | Found a runed translucent door.
  6720 | D:6      | Noticed Crazy Yiuf
  6730 | D:6      | Killed Crazy Yiuf
  6744 | D:6      | Got an ancient mace
  6879 | D:6      | Reached skill level 5 in Fighting
  6987 | D:6      | Reached skill level 3 in Short Blades
  7083 | D:6      | Identified the +2 mace "Yryluaja" {vorpal, rElec rPois
                  | Dex-4 Stlth+} (You found it on level 6 of the Dungeon)
  7237 | D:6      | Found a burning altar of Makhleb.
  8073 | D:7      | Reached skill level 4 in Short Blades
  8414 | D:8      | Reached ***** piety under Cheibriados
  8605 | D:8      | Reached skill level 5 in Short Blades
  8605 | D:8      | Reached skill level 5 in Invocations
  8857 | D:8      | Reached XP level 10. HP: 63/91 MP: 12/17
  9378 | D:8      | Found an ancient bone altar of Kikubaaqudgha.
  9386 | D:8      | Found a shimmering altar of Xom.
  9440 | D:8      | Found a basalt altar of Yredelemnul.
  9649 | D:8      | Reached skill level 6 in Short Blades
  9892 | D:9      | Found a glowing silver altar of Zin.
  9987 | D:9      | Got a pitted quarterstaff
 10496 | D:9      | Found a shimmering blue altar of Sif Muna.
 10693 | D:9      | Found a staircase to the Lair.
 11068 | D:9      | Found a transporter.
 11069 | D:9      | Noticed erthbison's ghost (novice SpEE)
 11069 | D:9      | Noticed a two-headed ogre
 11070 | D:9      | Found a transporter.
 11071 | D:9      | Identified the +7 great mace of Alubuhil {freeze, +Inv}
 11071 | D:9      | Identified the +4 great mace "Pekokhlin" {drain, rElec
                  | Int+5 Dex+4}
 11071 | D:9      | Noticed a two-headed ogre
 11597 | D:10     | Entered Level 10 of the Dungeon
 11652 | Lair:1   | Entered Level 1 of the Lair of Beasts
 11673 | Lair:1   | Reached skill level 7 in Short Blades
 11894 | Lair:1   | Reached ****** piety under Cheibriados
 11908 | Lair:1   | Reached skill level 5 in Armour
 12138 | Lair:1   | Reached XP level 11. HP: 96/100 MP: 11/18
 12141 | Lair:1   | Reached skill level 8 in Short Blades
 12562 | Lair:1   | Noticed an oklob plant
 12563 | Lair:1   | Noticed an oklob plant
 12804 | Lair:1   | Reached skill level 1 in Shields
 13808 | D:10     | Noticed an unseen horror
 13821 | D:10     | Killed an unseen horror
 13822 | D:10     | Noticed Nergalle
 13835 | D:10     | Killed Nergalle
 13835 | D:10     | Reached skill level 9 in Short Blades
 14256 | D:10     | Found Dismiop's Magic Scroll Boutique.
 14290 | D:10     | Bought a scroll of fear for 42 gold pieces
 14290 | D:10     | Bought a scroll of remove curse for 36 gold pieces
 14290 | D:10     | Bought a scroll of identify for 24 gold pieces
 14879 | D:11     | Noticed a purple ugly thing
 14897 | D:11     | Killed a purple ugly thing
 14957 | D:11     | Noticed an unseen horror
 14963 | D:11     | Killed an unseen horror
 15197 | D:11     | Reached XP level 12. HP: 105/112 MP: 4/19
 15221 | D:11     | Found a frozen archway.
 15236 | D:11     | Reached skill level 10 in Short Blades
 15250 | IceCv    | Entered an ice cave
 15655 | IceCv    | HP: 3/112 [ice devil (6)]
 15668 | IceCv    | Slain by an ice devil

Levels and vault maps discovered:
D:1:      saegor_arrival_simple_a, layout_basic
D:2:      layout_basic, okawaru_altar_gauntlet_db
D:3:      layout_rooms, fedhas_ov_isle_minmay, nicolae_overflow_crystal_walls,
          minmay_misc_feat_roman, uniq_terence, uniq_sigmund, uniq_robin,
          uniq_grinder
D:4:      layout_loops_ring, gammafunk_temple_overflow_statue
D:5:      layout_cave_pools, minmay_temple_entry_offerings, first_ration,
          gammafunk_ghost_stat_death
D:6:      layout_gridville, makhleb_grotto_becter, uniq_crazy_yiuf_cottage,
          uniq_duvessa
D:7:      layout_layer_cave
D:8:      layout_cave_pools, kennysheep_little_box,
          amethyst_overflow_temple_binary
D:9:      layout_basic, old_standard_altar, nicolae_overflow_hidden_temple,
          grunt_lair_entry_orc_guard_hut, gammafunk_ghost_smash,
          chequers_big_river
D:10:     layout_roguey, serial_shops, shop_fountains, enter_bailey_3,
          uniq_nergalle
D:11:     layout_small_grid, portal_ice_cave_entry_imps, grunt_livestock,
          minmay_holes
Temple:   hc_temple_tempest_star
Lair:1:   layout_chaotic_city, wad_woods_01, minmay_lair_oklob_chamber,
          grunt_megastairs_1
IceCv:    ice_cave_tombish

Skill      XL: |  1  2  3  4  5  6  7  8  9 10 11 12 |
---------------+-------------------------------------+-----
Fighting       | 1 2 3 4 6 7 8 |  8.6
Poison Magic   | 5 6 7 8 9 |  9.1
Spellcasting   | 3 4 5 |  5.0
Air Magic      | 1 2 3 |  3.1
Conjurations   | 1 2 |  2.0
Invocations    | 3 5 6 7 |  7.0
Armour         | 2 3 5 6 |  6.3
Short Blades   | 1 5 7 9 10 | 10.0
Shields        | 2 |  2.4
Dodging        | |  1.5
Stealth        | |  3.0
Transmutations | |  1.0

Action                   |  1- 3 |  4- 6 |  7- 9 | 10-12 || total
-------------------------+-------+-------+-------+-------++-------
Melee: Unarmed           |     2 |       |       |       ||     2
       Hand axe          |    20 |    43 |    93 |       ||   156
       Dagger            |       |       |    92 |   293 ||   385
 Cast: Sting             |    18 |    15 |    22 |     4 ||    59
       Poisonous Vapours |    18 |    29 |   164 |   165 ||   376
       Searing Ray       |       |       |    11 |    18 ||    29
       Olgreb's Toxic Ra |       |       |     2 |     7 ||     9
       Mephitic Cloud    |       |       |     2 |     5 ||     7
 Abil: Spit Poison       |       |     1 |       |       ||     1
  Use: Scroll            |       |     1 |    15 |     8 ||    24
       Potion            |       |       |       |     7 ||     7
 Stab: Sleeping          |       |     1 |       |       ||     1
       Confused          |       |       |       |     1 ||     1
  Eat: Chunk             |     1 |     5 |     6 |     9 ||    21
       Ration            |       |     1 |     1 |     2 ||     4
Armor: Robe              |     4 |    30 |    72 |       ||   106
       Leather armour    |       |       |       |   104 ||   104
       Skin              |       |       |       |     1 ||     1
Dodge: Dodged            |    21 |    63 |   129 |   121 ||   334
Block: Other             |       |       |     4 |    15 ||    19
       Buckler           |       |       |       |    34 ||    34
       Reflection        |       |       |       |     2 ||     2

Table legend:
 A = Non-vault XP
 B = Vault XP
 C = Vault XP percentage of total XP
 D = Non-vault monster count
 E = Vault monster count
 F = Vault count percentage of total count
                 A         B        C        D         E       F
            +---------+---------+-------+---------+---------+-------
      Total |   14574 |    4664 |  24.2 |     268 |      56 |  17.3
            +---------+---------+-------+---------+---------+-------
        D:1 |      48 |       0 |   0.0 |      21 |       0 |   0.0
        D:2 |      58 |      40 |  40.8 |      17 |       6 |  26.1
        D:3 |      40 |     581 |  93.6 |      15 |      14 |  48.3
        D:4 |     450 |       0 |   0.0 |      16 |       0 |   0.0
        D:5 |     217 |       0 |   0.0 |      27 |       0 |   0.0
        D:6 |    1157 |     270 |  18.9 |      34 |       4 |  10.5
        D:7 |     619 |       0 |   0.0 |      16 |       0 |   0.0
        D:8 |    1934 |       0 |   0.0 |      37 |       0 |   0.0
        D:9 |     816 |     943 |  53.6 |      19 |       6 |  24.0
       D:10 |    2175 |     827 |  27.5 |      25 |       7 |  21.9
       D:11 |    3306 |     101 |   3.0 |      22 |      10 |  31.2
     Lair:1 |    3754 |    1583 |  29.7 |      19 |       8 |  29.6
      IceCv |       0 |     319 | 100.0 |       0 |       1 | 100.0
            +---------+---------+-------+---------+---------+-------
